 Dungeon Crawl Stone Soup version 0.19-b1-4-gd8a0a2a (webtiles) character file.

572 Grim the Conjurer (level 7, 0/36 HPs)
             Began as a Deep Elf Conjurer on Oct 30, 2016.
             Was an Initiate of Cheibriados.
             Shot with an arrow by a centaur (7 damage)
             ... on level 5 of the Dungeon.
             The game lasted 00:14:19 (4792 turns).

Grim the Conjurer (Deep Elf Conjurer)               Turns: 4792, Time: 00:14:22

Health: 0/36       AC:  5    Str:  6    XL:     7   Next: 12%
Magic:  10/13      EV: 13    Int: 23    God:    Cheibriados [......]
Gold:   211        SH:  0    Dex: 16    Spells: 4 memorised, 4 levels left

rFire  + . .     SeeInvis .     w - +0 quarterstaff
rCold  + . .     Gourm    .     n - +2 robe {rC+ rF+}
rNeg   . . .     Faith    .     (shield currently unavailable)
rPois  .         Spirit   .     l - +0 helmet
rElec  .         Reflect  .     (no cloak)
rCorr  .         Harm     .     (no gloves)
MR     .....                    (no boots)
Stlth  ++........               (no amulet)
                                (no ring)
                                (no ring)

@: very slightly contaminated, very slow
A: no striking features
a: Bend Time, Renounce Religion


You were on level 5 of the Dungeon.
You worshipped Cheibriados.
Cheibriados was noncommittal.
You were hungry.

You visited 1 branch of the dungeon, and saw 5 of its levels.

You collected 211 gold pieces.

Inventory:

Hand Weapons
 f - a +0 dagger
 w - a +0 quarterstaff (weapon)
Armour
 l - a +0 helmet (worn)
 n - a +2 robe of resistance (worn)
Wands
 C - a wand of random effects (15/48)
Scrolls
 e - a scroll of remove curse {unknown}
 h - a scroll of immolation {unknown}
 i - 3 scrolls of teleportation {unknown}
 j - a scroll of fog {unknown}
 p - 2 scrolls of magic mapping {unknown}
 r - a scroll of noise {unknown}
 t - a scroll of random uselessness {unknown}
 y - 3 scrolls of identify {unknown}
Potions
 d - a potion of flight {unknown}
 g - a potion of invisibility {unknown}
 k - a potion of lignification {unknown}
 m - 3 potions of berserk rage {unknown}
 s - 3 potions of brilliance {unknown}
 u - a potion of agility {unknown}
 v - 5 potions of curing {unknown}
 z - 2 potions of heal wounds {unknown}
Books
 a - a book of Minor Magic

   Spells                             Type                      Level
   a - Magic Dart                     Conjuration                  1
   b - Blink                          Translocation                2
   c - Call Imp                       Summoning                    2
   d - Repel Missiles                 Charms/Air                   2
   e - Slow                           Hexes                        2
   f - Conjure Flame                  Conjuration/Fire             3
   g - Mephitic Cloud                 Conjuration/Poison/Air       3
 b - a book of Conjurations

   Spells                             Type                      Level
   a - Magic Dart                     Conjuration                  1
   b - Searing Ray                    Conjuration                  2
   c - Dazzling Spray                 Conjuration/Hexes            3
   d - Fulminant Prism                Conjuration/Hexes            4
   e - Iskenderun's Mystic Blast      Conjuration                  4
   f - Iskenderun's Battlesphere      Conjuration/Charms           5
Comestibles
 c - 2 bread rations
 o - a beef jerky
 q - a slice of pizza
 x - a royal jelly
 A - 3 meat rations


   Skills:
 + Level 2.3 Staves
 - Level 2.4 Dodging
 - Level 2.4 Stealth
 - Level 3.0 Spellcasting
 - Level 6.2 Conjurations
 * Level 5.4 Charms
 * Level 4.1 Air Magic


You had 4 spell levels left.
You knew the following spells:

 Your Spells              Type           Power        Failure   Level  Hunger
a - Magic Dart            Conj           ####         1%          1    None
b - Searing Ray           Conj           ####..       1%          2    ##.....
c - Repel Missiles        Chrm/Air       ####..       2%          2    ##.....
d - Mephitic Cloud        Conj/Pois/Air  ###.....     10%         3    ###....


Dungeon Overview and Level Annotations

Branches:
Dungeon (5/15)
 Temple: D:4-7

Altars:
Cheibriados
Fedhas
Xom


Message History

Confirm with . or Enter, or press ? or * to list all spells.
You can't see any susceptible monsters within range! (Use Z to cast anyway.)
The centaur shoots an arrow.
The arrow is repelled.
You feel less protected from missiles.
The centaur shoots an arrow.
The arrow barely misses you.
The centaur shoots an arrow.
The arrow hits you!
You see here an arrow.
Casting: Magic Dart
Confirm with . or Enter, or press ? or * to list all spells.
Aiming: Mephitic Cloud
Press: ? - help, Shift-Dir - straight line, f - centaur
Aim: a centaur, wielding a shortbow of freezing You miscast Mephitic Cloud.
You are very lightly contaminated with residual magic.
Nothing appears to happen.
The centaur shoots an arrow.
The arrow hits you!
* * * LOW HITPOINT WARNING * * *
The arrow freezes you.
* * * LOW HITPOINT WARNING * * *
The centaur shoots an arrow.
The arrow hits you!
You die...

#..##........### #.
##..#..........####..
##..............#..#
##...>...........###
##<...............##
##................#
#................#
##.#......(.......#
##..#..[......@....#
#..##............#c.#
##.####..........##
##..# #..........#
#..## ##........##
#.## ########## ..#
.## ### ##
##.########


You could see a centaur.

Vanquished Creatures
  A scorpion (D:4)
  A howler monkey (D:4)
  A crimson imp (D:5)
  An orc priest (D:4)
  A bullfrog skeleton (D:5)
  A jelly (D:5)
  Jessica (D:2)
  2 orc wizards (D:4)
  4 worker ants
  A hound skeleton (D:4)
  9 adders
  An adder skeleton (D:5)
  A dart slug (D:2)
  5 leopard geckos
  10 orcs
  5 giant cockroaches
  9 goblins
  5 hobgoblins
  5 jackals
  5 quokkas
  A ball python (D:2)
  8 bats
  4 frilled lizards
  5 kobolds
  6 rats
93 creatures vanquished.

Notes
Turn   | Place    | Note
-------+----------+-------------------------------------------
     0 | D:1      | Grim the Deep Elf Conjurer began the quest for the Orb.
     0 | D:1      | Reached XP level 1. HP: 10/10 MP: 6/6
   368 | D:1      | Reached XP level 2. HP: 15/15 MP: 5/8
   457 | D:1      | Reached skill level 5 in Conjurations
   469 | D:1      | Learned a level 2 spell: Searing Ray
   931 | D:2      | Reached XP level 3. HP: 15/19 MP: 6/9
  1012 | D:2      | Noticed Jessica
  1051 | D:2      | Killed Jessica
  1051 | D:2      | Reached skill level 6 in Conjurations
  1146 | D:2      | Reached XP level 4. HP: 24/24 MP: 5/10
  1221 | D:2      | Learned a level 2 spell: Repel Missiles
  1225 | D:2      | Learned a level 3 spell: Mephitic Cloud
  1297 | D:2      | Found a blossoming altar of Fedhas.
  1503 | D:2      | Reached skill level 1 in Air Magic
  2019 | D:2      | Reached skill level 1 in Charms
  2977 | D:4      | Reached XP level 5. HP: 28/28 MP: 5/11
  3136 | D:4      | Reached skill level 1 in Staves
  3345 | D:4      | Reached XP level 6. HP: 12/32 MP: 2/12
  4099 | D:4      | Found a shimmering altar of Xom.
  4099 | D:4      | Found a snail-covered altar of Cheibriados.
  4170 | D:4      | Became a worshipper of Cheibriados the Contemplative
  4186 | D:5      | Entered Level 5 of the Dungeon
  4410 | D:5      | Reached skill level 5 in Charms
  4656 | D:5      | Reached XP level 7. HP: 31/36 MP: 8/13
  4792 | D:5      | Shot with an arrow by a centaur

Skill      XL: |  1  2  3  4  5  6 |
---------------+-------------------+-----
Conjurations   | 5 6 |  6.2
Air Magic      | 2 3 4 |  4.1
Charms         | 2 3 5 |  5.4
Staves         | 1 2 |  2.3
Dodging        | |  2.4
Stealth        | |  2.4
Spellcasting   | |  3.0

Action                   |  1- 3 |  4- 6 |  7- 9 || total
-------------------------+-------+-------+-------++-------
Melee: Quarterstaff      |       |    32 |       ||    32
 Cast: Magic Dart        |    41 |   109 |     7 ||   157
       Searing Ray       |     3 |    13 |       ||    16
       Mephitic Cloud    |       |     5 |       ||     5
       Repel Missiles    |       |     1 |       ||     1
 Stab: Confused          |       |     2 |       ||     2
  Eat: Chunk             |       |    12 |       ||    12
Armor: Robe              |     7 |    17 |       ||    24
Dodge: Dodged            |    22 |    52 |     3 ||    77
       Deflected         |       |     2 |     2 ||     4
